Map: Stasis LE

Players

Grimreaper - Winner!

  • Race: Protoss Protoss
  • Spawn Location: 1:00

VOD

Have the link to the VOD?

Description

Time

  • Played on: Jan. 19, 2019, 6:44 p.m.
  • Length: 17:53
Show
View Real Time Build Order
Export as new Build Order

Grimreaper Protoss - Winner!

Build Orders:  

Get SALT Encoding   

  12  0:03  Probe (Chrono Boost)  
  14  0:20  Probe (Chrono Boost)  
  14  0:26  Pylon  
  14  0:37  Probe (Chrono Boost)  
  15  0:54  Probe (Chrono Boost)  
  15  0:55  Gateway  
  16  1:08  Probe (Chrono Boost)  
  17  1:13  Assimilator  
  17  1:20  Probe (Chrono Boost)  
  18  1:31  Probe (Chrono Boost)  
  19  1:48  Probe (Chrono Boost)  
  20  2:08  Probe (Chrono Boost)  
  20  2:19  Probe (Chrono Boost)  
  21  2:21  Pylon  
  21  2:29  Gateway  
  22  2:32  Cybernetics Core  
  22  2:38  Assimilator  
  22  2:55  Pylon  
  22  3:08  Nexus  
  22  3:14  Probe (Chrono Boost)  
  23  3:30  Forge  
  23  3:36  Probe (Chrono Boost)  
  24  3:53  Probe (Chrono Boost)  
  25  4:06  Pylon  
  26  4:10  Probe (Chrono Boost)  
  26  4:24  Zealot x2  
  26  4:27  Probe (Chrono Boost)  
  31  4:44  Probe (Chrono Boost)  
  33  5:01  Probe (Chrono Boost)  
  33  5:03  Warp Gate  
  33  5:11  Probe (Chrono Boost)  
  33  5:17  Zealot  
  33  5:18  Zealot  
  38  5:23  Probe (Chrono Boost)  
  39  5:33  Gateway  
  39  5:36  Probe (Chrono Boost)  
  40  5:42  Gateway  
  40  5:52  Protoss Ground Weapons Level 1  
  40  5:53  Probe (Chrono Boost)  
  40  5:55  Zealot  
  40  5:56  Zealot  
  40  5:58  Robotics Facility  
  45  6:08  Probe (Chrono Boost)  
  47  6:11  Probe (Chrono Boost)  
  47  6:15  Assimilator  
  47  6:20  Probe (Chrono Boost)  
  47  6:22  Assimilator  
  47  6:27  Probe (Chrono Boost)  
  49  6:31  Probe (Chrono Boost)  
  49  6:36  Robotics Facility  
  50  6:44  Probe (Chrono Boost)  
  50  6:47  Probe (Chrono Boost)  
  52  6:54  Robotics Facility  
  52  7:00  Robotics Facility  
  52  7:17  Pylon  
  52  7:19  Pylon  
  52  7:23  Pylon  
  52  7:27  Pylon  
  52  7:33  Pylon  
  52  7:38  Pylon  
  52  7:43  Pylon  
  52  7:47  Pylon  
  52  7:58  Probe (Chrono Boost)  
  52  7:59  Probe (Chrono Boost)  
  53  8:09  Nexus  
  54  8:10  Probe (Chrono Boost)  
  54  8:11  Probe (Chrono Boost)  
  54  8:16  Pylon  
  56  8:22  Probe (Chrono Boost)  
  56  8:25  Probe (Chrono Boost)  
  58  8:30  Stalker x2  
  58  8:31  Stalker  
  58  8:34  Stalker  
  66  8:45  Immortal  
  70  8:57  Immortal  
  74  9:12  Probe (Chrono Boost)  
  74  9:18  Probe (Chrono Boost)  
  76  9:27  Immortal  
  76  9:29  Probe (Chrono Boost)  
  81  9:35  Probe (Chrono Boost)  
  82  9:40  Immortal  
  82  9:46  Probe (Chrono Boost)  
  88  9:52  Probe (Chrono Boost)  
  88  9:56  Robotics Bay  
  88  9:58  Probe (Chrono Boost)  
  88  9:59  Stargate  
  88  10:03  Probe (Chrono Boost)  
  88  10:09  Probe x2 (Chrono Boost)  
  91  10:19  Assimilator  
  93  10:20  Probe (Chrono Boost)  
  93  10:21  Assimilator  
  93  10:23  Probe (Chrono Boost)  
  93  10:25  Probe (Chrono Boost)  
  95  10:36  Twilight Council  
  96  10:40  Probe (Chrono Boost)  
  96  10:44  Stalker x3  
  96  10:46  Stalker  
  104  10:57  Probe (Chrono Boost)  
  105  11:14  Probe (Chrono Boost)  
  106  11:32  Probe (Chrono Boost)  
  106  11:35  Probe (Chrono Boost)  
  108  11:49  Colossus x2, Probe (Chrono Boost)  
  122  11:52  Probe (Chrono Boost)  
  122  11:53  Nexus  
  122  12:06  Probe (Chrono Boost)  
  122  12:07  Nexus  
  122  12:08  Immortal  
  122  12:09  Probe (Chrono Boost)  
  128  12:15  Immortal  
  132  12:21  Zealot x4  
  140  12:50  Extended Thermal Lance  
  140  13:05  Pylon  
  140  13:07  Pylon  
  140  13:09  Pylon  
  140  13:11  Pylon  
  140  13:14  Pylon  
  140  13:22  Protoss Ground Weapons Level 2  
  122  13:56  Probe (Chrono Boost)  
  122  13:59  Probe (Chrono Boost)  
  124  14:07  Probe (Chrono Boost)  
  125  14:13  Probe (Chrono Boost)  
  125  14:16  Probe (Chrono Boost)  
  125  14:24  Probe (Chrono Boost)  
  125  14:30  Probe (Chrono Boost)  
  125  14:33  Probe (Chrono Boost)  
  127  14:40  Gravitic Boosters, Probe (Chrono Boost)  
  127  14:47  Probe (Chrono Boost)  
  127  14:49  Probe (Chrono Boost)  
  129  14:57  Probe (Chrono Boost)  
  130  15:04  Probe (Chrono Boost)  
  130  15:06  Probe (Chrono Boost)  
  132  15:14  Probe (Chrono Boost)  
  131  15:40  Gravitic Drive  
Tags
 
Matchup
Co-op
Replay Pack
Multiplayer
Add a new tag
Caveats
  • Supply blocks, unpowered buildings, or Contaminate may cause inaccurate times.
  • Supply counts are checked every 10 seconds.